 Dungeon Crawl Stone Soup version 0.23-a0-315-ga85b81c (webtiles) character file.

165 Amnesiac the Digger (level 5, -2/42 HPs)
             Began as a Deep Dwarf Earth Elementalist on Oct 13, 2018.
             Slain by a phantom (7 damage)
             ... on level 4 of the Dungeon.
             The game lasted 00:07:56 (1668 turns).

Amnesiac the Digger (Deep Dwarf Earth Elementalist) Turns: 1668, Time: 00:07:56

Health: -2/42      AC:  3    Str: 11    XL:     5   Next: 21%
Magic:  9/9        EV: 12    Int: 17    God:
Gold:   62         SH:  0    Dex: 13    Spells: 3/10 levels left

rFire    . . .     SeeInvis .   a - +0 spear
rCold    . . .     Gourm    +   (no shield)
rNeg     . . .     Faith    .   c - +0 robe
rPois    .         Spirit   .   k - +0 helmet
rElec    .         Reflect  .   (no cloak)
rCorr    .         Harm     .   (no gloves)
MR       .....                  (no boots)
Stlth    ++........             j - amulet of the gourmand
HPRegen  0.00/turn              (no ring)
MPRegen  0.11/turn              (no ring)

@: non-regenerating
A: damage resistance, heal wounds, sense surroundings 1, no regeneration
a: Heal Wounds


You were on level 4 of the Dungeon.
You were not hungry.

You visited 1 branch of the dungeon, and saw 4 of its levels.

You collected 62 gold pieces.

Inventory:

Hand Weapons
 a - a +0 spear (weapon)
 b - a +0 dagger
Armour
 c - a +0 robe (worn)
 k - a +0 helmet (worn)
Jewellery
 j - an amulet of the gourmand (around neck)
 m - an uncursed amulet of faith
Scrolls
 e - a scroll of teleportation {!r}
 f - a scroll of remove curse {!r, unknown}
 g - 2 scrolls of identify {!r, unknown}
 h - a scroll of amnesia {!r, unknown}
 i - 2 scrolls of enchant weapon {!r, unknown}
Comestibles
 d - 4 rations
 l - 5 chunks of flesh


   Skills:
 - Level 2.1 Dodging
 - Level 2.4 Stealth
 + Level 3.0 Spellcasting
 - Level 0.8 Transmutations
 * Level 6.8 Earth Magic


You had 3 spell levels left.
You knew the following spells:

 Your Spells              Type           Power        Failure   Level  Hunger
a - Sandblast             Erth           ####..       1%          1    None
b - Passwall              Tmut/Erth      ###.....     5%          2    ##.....
e - Petrify               Tmut/Erth      ###.....     34%         4    ####...

Your spell library contained the following spells:

 Spells                   Type           Power        Failure   Level  Hunger
 Stone Arrow              Conj/Erth      ##....       13%         3    ###....
 Lee's Rapid Deconstruct  Erth           ####......   28%         5    ######.


Dungeon Overview and Level Annotations

Branches:
Dungeon (4/15)
 Temple: D:4-7

Altars:


Innate Abilities, Weirdness & Mutations

You are resistant to damage.
You can heal yourself by infusing magical energy.
You passively map a small area around you.
You do not regenerate.


Message History

a club; a ring mail; a dagger; an orc skeleton x2
There isn't anything to butcher here.
You see here a frilled lizard skeleton.
You see here a frilled lizard skeleton.
Attack whom?
Press: ? - help, Dir - move target cursor, f/p - phantom
Aim: a phantom (severely damaged)
You hit the phantom.
The phantom is almost destroyed.
The phantom hits you!
* * * LOW HITPOINT WARNING * * *
Firing (i - inventory) No suitable missiles.
Press: ? - help, Shift-Dir - straight line, f/p - phantom
Aim: a phantom (almost destroyed)
Okay, then.
Attack whom?
Press: ? - help, Dir - move target cursor, f/p - phantom
Aim: a phantom (almost destroyed)
You barely miss the phantom.
The phantom is almost destroyed.
The phantom hits you but does no damage.
Attack whom?
Press: ? - help, Dir - move target cursor, f/p - phantom
Aim: a phantom (almost destroyed)
You closely miss the phantom.
The phantom is almost destroyed.
The phantom closely misses you.
Attack whom?
Press: ? - help, Dir - move target cursor, f/p - phantom
Aim: a phantom (almost destroyed)
You barely miss the phantom.
The phantom is almost destroyed.
The phantom hits you.
* * * LOW HITPOINT WARNING * * *
Firing (i - inventory) No suitable missiles.
Press: ? - help, Shift-Dir - straight line, f/p - phantom
Aim: a phantom (severely damaged)
Okay, then.
Attack whom?
Press: ? - help, Dir - move target cursor, f/p - phantom
Aim: a phantom (severely damaged)
You hit the phantom but do no damage.
The phantom is severely damaged.
The phantom completely misses you.
Attack whom?
Press: ? - help, Dir - move target cursor, f/p - phantom
Aim: a phantom (severely damaged)
You closely miss the phantom.
The phantom is severely damaged.
The phantom barely misses you.
Attack whom?
Press: ? - help, Dir - move target cursor, f/p - phantom
Aim: a phantom (severely damaged)
You hit the phantom.
The phantom is almost destroyed.
The phantom misses you. The phantom hits you.
* * * LOW HITPOINT WARNING * * *
Attack whom?
Press: ? - help, Dir - move target cursor, f/p - phantom
Aim: a phantom (almost destroyed)
You miss the phantom.
The phantom is almost destroyed.
The phantom hits you!
You die...

* , ##### #...
##.######
###########.......#.*
,,
........)@W.........
###########...###.#
#......#.......). ,
*** #......#..###....
* , +......#....+ ...
, ,#....).#<.### ..
.#.#+##.....##..o. ,
**..........(.....o.
, ,,
*...#.####'('####.. ,


You could see a phantom.

Vanquished Creatures
  A howler monkey (D:3)
  An orc wizard (D:3)
  A hound skeleton (D:3)
  Robin (D:2)
  An adder (D:2)
  An adder skeleton (D:4)
  2 dart slugs (D:1)
  3 leopard geckos
  6 orcs
  4 bats
  3 giant cockroaches
  13 goblins
  4 hobgoblins
  4 frilled lizards
  4 kobolds
  A quokka skeleton (D:4)
  3 rats
53 creatures vanquished.

Notes
Turn   | Place    | Note
-------+----------+-------------------------------------------
     0 | D:1      | Amnesiac the Deep Dwarf Earth Elementalist began the quest
                  | for the Orb.
     0 | D:1      | Reached XP level 1. HP: 15/15 MP: 3/3
   216 | D:1      | Reached XP level 2. HP: 2/22 MP: 3/5
   220 | D:1      | Learned a level 2 spell: Passwall
   639 | D:2      | Noticed Robin
   658 | D:2      | Reached skill level 5 in Earth Magic
   685 | D:2      | Reached XP level 3. HP: 12/28 MP: 0/6
   804 | D:2      | Killed Robin
  1140 | D:3      | Reached XP level 4. HP: 8/36 MP: 3/7
  1146 | D:3      | Learned a level 4 spell: Petrify
  1302 | D:3      | Reached skill level 6 in Earth Magic
  1355 | D:4      | Noticed a phantom
  1470 | D:3      | Reached XP level 5. HP: 7/42 MP: 1/9
  1668 | D:4      | Slain by a phantom

Vault maps used:
D:1:      scummos_arrival_forest, minmay_tree_intersection
D:2:      kennysheep_decorative_pillar, uniq_robin
D:4:      vehumet_altar_wand_db, first_ration, portal_sewer_entry_f,
          corexii_leaking_fountain

Skill      XL: |  1  2  3  4  5 |
---------------+----------------+-----
Spellcasting   | 2 3 |  3.0
Earth Magic    | 5 6 |  6.8
Dodging        | |  2.1
Stealth        | |  2.4
Transmutations | |  0.8

Action                   |  1- 3 |  4- 6 || total
-------------------------+-------+-------++-------
Melee: Unarmed           |    17 |       ||    17
       Spear             |    89 |    34 ||   123
       Dagger            |       |    11 ||    11
 Cast: Sandblast         |    29 |    22 ||    51
       Passwall          |       |     2 ||     2
 Abil: Heal Wounds       |     1 |     4 ||     5
  Use: Scroll            |     2 |       ||     2
       Potion            |     2 |       ||     2
 Stab: Sleeping          |     1 |       ||     1
  Eat: Chunk             |     6 |    12 ||    18
Armor: Robe              |    21 |    16 ||    37
Dodge: Dodged            |    76 |    49 ||   125

Table legend:
 A = Non-vault XP
 B = Vault XP
 C = Vault XP percentage of total XP
 D = Non-vault monster count
 E = Vault monster count
 F = Vault count percentage of total count
                 A         B        C        D         E       F
            +---------+---------+-------+---------+---------+-------
      Total |     201 |      35 |  14.8 |      42 |      11 |  20.8
            +---------+---------+-------+---------+---------+-------
        D:1 |      23 |       4 |  14.8 |      12 |       2 |  14.3
        D:2 |      35 |      31 |  47.0 |      14 |       9 |  39.1
        D:3 |     130 |       0 |   0.0 |      11 |       0 |   0.0
        D:4 |      13 |       0 |   0.0 |       5 |       0 |   0.0
            +---------+---------+-------+---------+---------+-------
